 Dungeon Crawl Stone Soup version 0.21.0-3-g78d12a8 (webtiles) character file.

8528 Ignatius881 the Cleaver (level 11, -7/99 HPs)
             Began as a Minotaur Berserker on Jan 10, 2018.
             Was a High Priest of Trog.
             Mangled by a crocodile (12 damage)
             ... on level 9 of the Dungeon.
             The game lasted 00:31:46 (11685 turns).

Ignatius881 the Cleaver (Minotaur Berserker)       Turns: 11685, Time: 00:31:47

Health: -7/99      AC: 16    Str: 22    XL:     11   Next: 11%
Magic:  10/10      EV: 11    Int:  4    God:    Trog [*****.]
Gold:   368        SH:  0    Dex: 15    Spells: 10/10 levels left

rFire    . . .     SeeInvis .   K - +4 battleaxe
rCold    . . .     Gourm    .   (shield currently unavailable)
rNeg     . . .     Faith    .   J - +0 plate armour
rPois    .         Spirit   .   (helmet restricted)
rElec    .         Reflect  .   (no cloak)
rCorr    .         Harm     .   (no gloves)
MR       .....                  o - +1 pair of boots
Stlth    ..........             (no amulet)
HPRegen  0.26/turn              G - +2 ring of dexterity
MPRegen  0.12/turn              (no ring)

@: about to teleport
A: retaliatory headbutt, horns 2
a: Berserk, Trog's Hand, Brothers in Arms, Burn Spellbooks, Renounce Religion


You were on level 9 of the Dungeon.
You worshipped Trog.
Trog was extremely pleased with you.
You were hungry.

You visited 2 branches of the dungeon, and saw 11 of its levels.
You also visited: Sewer and Bailey.

You collected 368 gold pieces.

Inventory:

Hand Weapons
 a - a +0 hand axe
 r - a +2 halberd of electrocution
   (You took it off a gnoll in a bailey)
 K - a +4 battleaxe (weapon)
   (You found it on level 10 of the Dungeon)
Armour
 b - a +0 animal skin
 k - a +0 scale mail
   (You found it on level 1 of the Dungeon)
 o - a +1 pair of boots (worn)
   (You found it on level 2 of the Dungeon)
 u - a +0 chain mail
   (You found it on level 5 of the Dungeon)
 y - a +1 robe of cold resistance
   (You took it off Jessica on level 3 of the Dungeon)
 H - a +2 pair of gloves
   (You found it on level 9 of the Dungeon)
 J - a +0 plate armour (worn)
   (You found it on level 7 of the Dungeon)
Jewellery
 D - an uncursed amulet of magic regeneration
   (You found it on level 5 of the Dungeon)
 G - a +2 ring of dexterity (left hand)
   (You found it on level 7 of the Dungeon)
Wands
 f - a wand of polymorph (10)
   (You took it off Ijyb on level 3 of the Dungeon)
 t - a wand of flame (35)
   (You found it on level 9 of the Dungeon)
 x - a wand of acid (19)
   (You found it on level 4 of the Dungeon)
Scrolls
 c - 2 scrolls of fog
 d - a scroll of enchant weapon {unknown}
 g - a scroll of random uselessness {unknown}
 h - 4 scrolls of remove curse {@r2}
 i - 7 scrolls of teleportation {@r4}
 v - 2 scrolls of blinking {unknown}
 B - a scroll of immolation {unknown}
 C - a scroll of acquirement {unknown}
 F - a scroll of enchant armour {unknown}
 O - a scroll of fear {unknown}
 R - 2 scrolls of identify {@r1}
 S - a scroll of summoning {unknown}
 U - a scroll of torment {unknown}
Potions
 j - a potion of brilliance {unknown}
 l - a potion of ambrosia {unknown}
 m - 8 potions of curing {@q1}
 n - a potion of lignification {unknown}
 p - 2 potions of degeneration {unknown}
 q - 4 potions of agility {unknown}
 s - 7 potions of mutation {unknown}
 w - 3 potions of invisibility {unknown}
 z - 8 potions of heal wounds {unknown}
 A - 4 potions of flight {unknown}
 E - 3 potions of magic {unknown}
 I - a potion of berserk rage
 L - a potion of might
 M - a potion of cancellation {unknown}
Books
 N - a book of Maledictions
   (You found it on level 8 of the Dungeon)
 P - a book of Beasts
   (You found it on level 9 of the Dungeon)
Miscellaneous
 Q - a phantom mirror
Comestibles
 e - 19 rations
 T - 5 chunks of flesh


   Skills:
 + Level 10.0 Fighting
 * Level 13.1 Axes
 + Level 9.6 Armour
 + Level 8.8 Dodging


You had 10 spell levels left.
You didn't know any spells.

Dungeon Overview and Level Annotations

Branches:
Dungeon (10/15)            Temple (1/1) D:5
   Lair: D:8-11         Orc: D:9-12

Altars:
Ashenzari
Cheibriados
Dithmenos
Elyvilon
Fedhas
Gozag
Hepliaklqana
Kikubaaqudgha
Makhleb
Nemelex Xobeh
Okawaru
Qazlal
Ru
Sif Muna
Trog
Uskayaw
Vehumet
Wu Jian
Xom
Yredelemnul
Zin
The Shining One

Shops:
D:4 :[

Portals:
Trove: D:10 (give 14 scrolls of teleportation)


Innate Abilities, Weirdness & Mutations

You reflexively headbutt those who attack you in melee.
You have a pair of horns on your head.


Message History

You headbutt the worker ant.
The orc wizard points at you and mumbles some strange words.
The magic dart hits you! The crocodile barely misses you.
The orc priest invokes the aid of Beogh against you.
Beogh smites you!
The worker ant bites you but does no damage.
The gargoyle hits you with a mace.
You climb upwards.
Some of the chunks of flesh in your inventory have rotted away.
There is a stone staircase leading down here.
You hit the worker ant. You hit the gargoyle but do no damage.
You closely miss the crocodile.
The worker ant waves its antennae.
The worker ant bites you but does no damage.
The crocodile bites you but does no damage.
You hit the worker ant. Your headbutt misses the worker ant.
You barely miss the gargoyle.
Your plate armour prevents you from hitting the crocodile.
The gargoyle hits you with a mace!
The worker ant bites you but does no damage.
The crocodile bites you!
You closely miss the worker ant.
You headbutt the worker ant, but do no damage.
You hit the crocodile. You hit the gargoyle but do no damage.
The worker ant bites you but does no damage.
The gargoyle hits you but does no damage.
The crocodile bites you!
* * * LOW HITPOINT WARNING * * *
The worker ant barely misses you. You furiously retaliate!
You headbutt the worker ant. You slash the gargoyle! You slice the worker ant!!
You kill the worker ant!
Trog accepts your kill.
You completely miss the crocodile.
The gargoyle hurls a stone arrow at you.
The stone arrow misses you. The crocodile bites you!
* * * LOW HITPOINT WARNING * * *
You slash the gargoyle! You barely miss the crocodile.
The gargoyle hurls a stone arrow at you.
The stone arrow hits you!
* * * LOW HITPOINT WARNING * * *
The crocodile bites you.
* * * LOW HITPOINT WARNING * * *
As you read the scroll of teleportation {@r4}, it crumbles to dust.
You feel strangely unstable.
The gargoyle hurls a stone arrow at you.
The stone arrow hits you!
* * * LOW HITPOINT WARNING * * *
The crocodile bites you!
You die...

#...#..#.##....##.#
#......#.###.####.####
#.#.####......#......#
##.#.########..#.##...# #
#..#....#####..#......# #
#.####........######'## #
#.##.#........# #.# #
#.##('...)t...######.# #
#.##.#...@9...##..)..# #
#.......########.#########
###.......(........#......
#.##..#######....#.....#
#.##..######.....#.....#
#.##......##.....#......
#.........##.###.#......
####.#######.##..'......
#..)......#####.....#


You could see a crocodile and a gargoyle.

Vanquished Creatures
  4 two-headed ogres
  A hippogriff (D:10)
  A spriggan (D:9)
  2 wyverns
  The ghost of HungrySpirit the Cudgeler, an amateur GrWn (D:3)
  4 orc warriors
  2 black bears (D:9)
  A necrophage (D:9)
  A sky beast (D:8)
  3 phantoms
  7 ogres
  5 centaurs
  2 big kobolds
  3 bullfrogs
  A wyvern zombie (D:7)
  3 scorpions
  22 killer bees
  2 howler monkeys (D:7)
  3 crimson imps
  A quasit (D:8)
  3 centaur zombies
  2 bullfrog zombies
  4 hounds
  2 jellies
  7 orc wizards
  2 bullfrog skeletons
  5 orc priests
  4 iguanas
  Jessica (D:3)
  Ijyb (D:3)
  7 worker ants
  A killer bee zombie (D:8)
  A howler monkey zombie (D:7)
  13 gnolls (Bailey)
  11 adders
  A howler monkey skeleton (D:6)
  2 river rats
  2 shadow imps
  An ooze (D:2)
  8 worms
  2 dart slugs
  3 leopard geckos
  34 orcs
  5 bats
  4 giant cockroaches
  14 goblins
  21 hobgoblins
  7 jackals
  25 kobolds
  2 quokkas
  3 ball pythons
  6 frilled lizards
  A leopard gecko skeleton (D:4)
  9 rats
283 creatures vanquished.

Notes
Turn   | Place    | Note
-------+----------+-------------------------------------------
     0 | D:1      | Ignatius881 the Minotaur Berserker began the quest for the Orb.
     0 | D:1      | Reached XP level 1. HP: 19/19 MP: 0/0
   197 | D:1      | Reached XP level 2. HP: 25/27 MP: 1/1
   288 | D:1      | Reached skill level 4 in Axes
  1080 | D:2      | Reached XP level 3. HP: 33/33 MP: 2/2
  1119 | D:2      | Reached ** piety under Trog
  1274 | D:2      | Reached XP level 4. HP: 40/40 MP: 3/3
  1477 | D:3      | Noticed HungrySpirit's ghost (amateur GrWn)
  1491 | D:3      | Killed HungrySpirit's ghost
  1491 | D:3      | Reached skill level 5 in Axes
  1491 | D:3      | Reached XP level 5. HP: 32/47 MP: 4/4
  1835 | D:3      | Noticed Ijyb
  1843 | D:3      | Killed Ijyb
  1843 | D:3      | Reached XP level 6. HP: 55/55 MP: 5/5
  2026 | D:3      | Found a sparkling altar of Nemelex Xobeh.
  2026 | D:3      | Noticed Jessica
  2034 | D:3      | Killed Jessica
  2034 | D:3      | Reached skill level 5 in Fighting
  2034 | D:3      | Reached skill level 6 in Axes
  2090 | D:3      | Found a glowing drain.
  2094 | Sewer    | Entered a sewer
  2100 | Sewer    | Reached *** piety under Trog
  2191 | Sewer    | Found a white marble altar of Elyvilon.
  2565 | D:4      | Reached XP level 7. HP: 54/61 MP: 6/6
  2989 | D:4      | Found Weteppew's Antique Armour Emporium.
  3270 | D:4      | Found Bethoaga's Book Shop.
  3609 | D:4      | Reached skill level 7 in Axes
  3688 | D:5      | Entered Level 5 of the Dungeon
  3932 | D:5      | Found a blossoming altar of Fedhas.
  4072 | D:5      | Reached skill level 5 in Armour
  4341 | D:5      | Reached XP level 8. HP: 69/70 MP: 7/7
  4384 | D:5      | Reached skill level 8 in Axes
  4384 | D:5      | Reached skill level 5 in Dodging
  4393 | D:5      | Found a staircase to the Ecumenical Temple.
  4506 | D:5      | Reached **** piety under Trog
  4528 | D:5      | Found a hazy altar of Hepliaklqana.
  4542 | Temple   | Entered the Ecumenical Temple
  5051 | D:6      | Found a radiant altar of Vehumet.
  5228 | D:6      | Found an ornate altar of the Wu Jian Council.
  5260 | D:6      | Reached skill level 9 in Axes
  6473 | D:7      | Found a flagged portal.
  6479 | D:7      | Reached XP level 9. HP: 79/79 MP: 8/8
  6492 | Bailey   | Entered a bailey
  6987 | Bailey   | Reached skill level 10 in Axes
  7583 | D:7      | Found a hide-covered altar of Uskayaw.
  7732 | D:7      | Noticed a hand axe
  7733 | D:7      | Noticed a hand axe
  7880 | D:7      | Reached ***** piety under Trog
  8304 | D:7      | You fall through a shaft for 3 floors!
  8304 | D:10     | Entered Level 10 of the Dungeon
  8312 | D:10     | Found a portal to a secret trove of treasure.
  8326 | D:10     | Reached skill level 11 in Axes
  8749 | D:9      | Reached XP level 10. HP: 72/90 MP: 9/9
  9485 | D:8      | Noticed a two-headed ogre
  9496 | D:8      | Killed a two-headed ogre
  9498 | D:8      | Reached skill level 12 in Axes
  9757 | D:8      | Found an opulent altar of Gozag.
  9757 | D:8      | Found a blossoming altar of Fedhas.
  9769 | D:8      | Found a glowing golden altar of the Shining One.
  9780 | D:8      | Found a sparkling altar of Nemelex Xobeh.
  9813 | D:8      | Found a sacrificial altar of Ru.
  9817 | D:8      | Found a stormy altar of Qazlal.
  9848 | D:8      | Found a shattered altar of Ashenzari.
 10089 | D:8      | Noticed a two-headed ogre
 10097 | D:8      | Killed a two-headed ogre
 10546 | D:9      | Noticed a two-headed ogre
 10550 | D:9      | Received a gift from Trog
 10558 | D:9      | Killed a two-headed ogre
 11032 | D:9      | Noticed a two-headed ogre
 11045 | D:9      | Killed a two-headed ogre
 11045 | D:9      | Reached skill level 13 in Axes
 11045 | D:9      | Reached XP level 11. HP: 95/99 MP: 10/10
 11100 | D:9      | Reached skill level 10 in Fighting
 11685 | D:9      | Mangled by a crocodile

Skill      XL: |  1  2  3  4  5  6  7  8  9 10 11 |
---------------+----------------------------------+-----
Axes           | 4 5 6 7 9 11 13 | 13.1
Fighting       | 4 5 6 7 8 9 10 | 10.0
Armour         | 3 4 5 6 8 9 |  9.6
Dodging        | 3 4 6 7 8 |  8.8

Action                   |  1- 3 |  4- 6 |  7- 9 | 10-12 || total
-------------------------+-------+-------+-------+-------++-------
Melee: Hand axe          |    65 |   119 |   399 |       ||   583
       Headbutt          |    18 |    25 |    89 |    29 ||   161
       Battleaxe         |       |       |    11 |   186 ||   197
Invok: Berserk           |       |     4 |     6 |       ||    10
  Use: Scroll            |       |     5 |     4 |     3 ||    12
       Potion            |       |       |       |     1 ||     1
  Eat: Chunk             |     1 |     8 |    18 |     6 ||    33
       Ration            |       |       |     2 |     1 ||     3
Armor: Animal skin       |     4 |       |       |       ||     4
       Scale mail        |    13 |    41 |    17 |       ||    71
       Chain mail        |       |       |   141 |       ||   141
       Plate armour      |       |       |    14 |   121 ||   135
Dodge: Dodged            |    32 |    56 |   211 |   124 ||   423
